 Dungeon Crawl Stone Soup version 0.29-a0-330-g52719c12eb (webtiles) character file.

Game seed: 7847058873985465972

108 kae the Firebug (level 4, -9/27 HPs)
             Began as an Octopode Fire Elementalist on Apr 23, 2022.
             Killed from afar by Natasha (11 damage)
             ... with a magic dart
             ... on level 2 of the Dungeon.
             The game lasted 00:01:04 (2301 turns).

kae the Firebug (Octopode Fire Elementalist)        Turns: 2301, Time: 00:01:04

Health: -9/27      AC:  1    Str:  7    XL:     4   Next: 87%
Magic:  2/8        EV: 13    Int: 19    God:
Gold:   75         SH:  0    Dex: 12    Spells: 3/9 levels left

rFire   . . .      SeeInvis .   h - staff of death
rCold   . . .      Faith    .   (no shield)
rNeg    + . .      Spirit   .   (helmet restricted)
rPois   .          Reflect  .   (no amulet)
rElec   .          Harm     .   (no ring)
rCorr   .          Rampage  .   (no ring)
Will    .....                   (no ring)
Stlth   +++.......              (no ring)
HPRegen 0.09/turn               (no ring)
MPRegen 0.11/turn               (no ring)
                                (no ring)
                                (no ring)

@: no status effects
A: almost no armour, amphibious, 8 rings, camouflage 1, gelatinous body 1,
(nimble swimmer 1), tentacles
a: no special abilities


You were on level 2 of the Dungeon.
You visited 1 branch of the dungeon, and saw 2 of its levels.

You collected 75 gold pieces.

Inventory:

Magical Staves
 h - a staff of death (weapon)
Scrolls
 f - a scroll of blinking {unknown}
 g - a scroll of noise {unknown}
 i - 3 scrolls of identify {unknown}
Potions
 a - a potion of magic
 b - a potion of flight {unknown}
 c - 2 potions of ambrosia {unknown}
 d - 2 potions of brilliance {unknown}
 e - 2 potions of attraction {unknown}
 j - a potion of curing {unknown}


   Skills:
 - Level 2.0 Dodging
 - Level 2.6 Stealth
 + Level 3.0 Spellcasting
 + Level 2.6 Conjurations
 + Level 3.9 Fire Magic


You had 3 spell levels left.
You knew the following spells:

 Your Spells              Type           Power      Damage    Failure   Level
a - Foxfire               Conj/Fire      60%        2x1d7     3%          1
b - Scorch                Fire           36%        2d7       4%          2
c - Conjure Flame         Conj/Fire      15%        6-21      12%         3

Your spell library contained the following spells:

 Spells                   Type           Power      Damage    Failure   Level
 Magic Dart               Conj           52%        1d5       4%          1
 Inner Flame              Hex/Fire       10%        N/A       21%         3
 Call Imp                 Summ           2%         N/A       22%         2
 Stone Arrow              Conj/Erth      14%        3d7       26%         3
 Mephitic Cloud           Conj/Pois/Air  6%         N/A       32%         3
 Flame Wave               Conj/Fire      15%        2d6       36%         4
 Lehudib's Crystal Spear  Conj/Erth      3%         10d3      100%        8
 Animate Armour           Summ/Erth      Unusable   N/A       N/A         4

Dungeon Overview and Level Annotations

Branches:
Dungeon (2/15)

Altars:

Annotations:
D:2 Natasha


Innate Abilities, Weirdness & Mutations

You cannot wear most types of armour.
You are amphibious.
You can wear up to eight rings at the same time.
Your skin changes colour to match your surroundings (Stealth+).
Your rubbery body absorbs attacks. (AC +1, EV +1)
((You are camouflaged when in or above water. (Stealth+)))
You have tentacles for arms and can constrict up to eight enemies at once.


Message History

Confirm with . or Enter, or press ? or * to list all spells.
You conjure some foxfire!
Natasha closely misses you.
The foxfire hits Natasha.
Natasha is heavily wounded.
The foxfire hits Natasha but does no damage.
Natasha is heavily wounded.
Natasha claws you but does no damage.
Casting: Foxfire (safe; 4% risk of failure)
Confirm with . or Enter, or press ? or * to list all spells.
You conjure some foxfire!
Natasha claws you!
The foxfire hits Natasha.
Natasha is heavily wounded.
The foxfire hits Natasha.
Natasha is severely wounded.
Natasha closely misses you.
Casting: Foxfire (safe; 4% risk of failure)
Confirm with . or Enter, or press ? or * to list all spells.
You miscast Foxfire.
You are very lightly contaminated with residual magic.
Nothing appears to happen.
Natasha casts a spell at you. The magic dart hits you!
* * * LOW HITPOINT WARNING * * *
Casting: Foxfire (safe; 4% risk of failure)
Confirm with . or Enter, or press ? or * to list all spells.
You conjure some foxfire!
Natasha wildly gestures.
Natasha's front paws start to glow.
Natasha claws you.
* * * LOW HITPOINT WARNING * * *
The foxfire hits Natasha.
You kill Natasha!
Natasha screams in fury as she dies!
Your Spellcasting skill increases to level 3!
Your foxfire dissipates!
Your magical contamination has completely faded away.
Natasha, Servant of Life and Death comes into view.
Natasha stares at you and mumbles some strange words.
The magic dart hits you!
You die...

## ##### #.. #...###
.. .
#.#...########.#....
#...#....>..@.......
##.#########........
#.# ##......h ##.##
#.##### #...# .#
#...# .# #...# #
##.## #.###


You could see Natasha.

Vanquished Creatures
  Jessica (D:2)
  Natasha (D:2)
  A gnoll (D:1)
  A worm (D:2)
  A dart slug (D:1)
  2 ball pythons (D:1)
  5 endoplasms
  3 giant cockroaches
  6 goblins (D:1)
  2 hobgoblins (D:1)
  5 kobolds (D:1)
  4 quokkas
  6 bats
  A frilled lizard (D:1)
  4 rats
43 creatures vanquished.

Vanquished Creatures (collateral kills)
  6 foxfires (D:1)
6 creatures vanquished.

Vanquished Creatures (others)
  137 foxfires
  9 plants (D:1)
146 creatures vanquished.

Grand Total: 195 creatures vanquished

Notes
Turn   | Place    | Note
-------+----------+-------------------------------------------
     0 | D:1      | kae the Octopode Fire Elementalist began the quest for the
                  | Orb.
     0 | D:1      | Reached XP level 1. HP: 11/11 MP: 3/3
   401 | D:1      | Reached XP level 2. HP: 10/17 MP: 1/5
   839 | D:1      | Reached XP level 3. HP: 21/21 MP: 0/6
   930 | D:1      | Learned a level 2 spell: Scorch
   934 | D:1      | Learned a level 3 spell: Conjure Flame
  1675 | D:1      | Found a faded altar of an unknown god.
  1796 | D:2      | Noticed Jessica
  1802 | D:2      | Killed Jessica
  1803 | D:2      | Reached XP level 4. HP: 24/27 MP: 3/8
  2283 | D:2      | Noticed Natasha
  2296 | D:2      | Killed Natasha
  2301 | D:2      | Noticed Natasha
  2301 | D:2      | Killed from afar by Natasha

Illustrated notes

Levels and vault maps discovered:
D:1:      lemuel_arrival_cross, layout_loops_corners, serial_glass,
          glass_columns_c, glass_columns_a, dilly_ecumenical_altar_fadedgnrine,
          nicolae_grassy_gnolls
D:2:      mumra_celtic_spiral_tile, layout_loops_corners, basic_altar,
          kennysheep_jessica_study, uniq_sigmund, uniq_natasha

Skill      XL: |  1  2  3  4 |
---------------+-------------+-----
Conjurations   | 2 |  2.6
Spellcasting   | 3 |  3.0
Dodging        | |  2.0
Stealth        | |  2.6
Fire Magic     | |  3.9

Action                   |  1- 3 |  4- 6 || total
-------------------------+-------+-------++-------
Melee: Unarmed           |     4 |       ||     4
       Staff             |     4 |     1 ||     5
       Constrict         |     1 |       ||     1
       Punch             |     1 |       ||     1
       Tentacles         |     1 |       ||     1
 Cast: Foxfire           |    57 |    26 ||    83
       Scorch            |     1 |     1 ||     2
  Use: Scroll            |     1 |       ||     1
 Stab: Sleeping          |     2 |       ||     2
Armor: Skin              |       |     1 ||     1
Dodge: Dodged            |    15 |     3 ||    18

Table legend: (Time is in decaauts)
 A = Elapsed time spent in this place.
 B = Non-inter-level travel time spent in this place.
 C = Inter-level travel time spent in this place.
 D = Time resting spent in this place.
 E = Time spent auto-exploring this place.
 F = Levels seen in this place.
 G = Mean time per level.
                   A        B        C        D        E       F      G
               +--------+--------+--------+--------+--------+-----+--------+
         Total |   2301 |   2280 |     21 |      3 |   1958 |   2 | 1150.5 |
       Dungeon |   2301 |   2280 |     21 |      3 |   1958 |   2 | 1150.5 |
               +--------+--------+--------+--------+--------+-----+--------+

Top non-repeatable levels by time:
     D:1: 1757 daAuts
     D:2: 544 daAuts
